 Dungeon Crawl Stone Soup version 0.19-a0-1907-gcff654f (webtiles) character file.

8063 LORDOFBUTT the Cleaver (level 11, -5/97 HPs)
             Began as a Minotaur Fighter on Oct 21, 2016.
             Was an Initiate of Gozag.
             Killed from afar by an electric eel (16 damage)
             ... with a bolt of electricity
             ... on level 10 of the Dungeon.
             The game lasted 00:15:10 (8409 turns).

LORDOFBUTT the Cleaver (Minotaur Fighter)           Turns: 8409, Time: 00:15:10

Health: -5/97      AC: 15    Str: 21    XL:     11   Next: 5%
Magic:  10/10      EV:  8    Int:  5    God:    Gozag
Gold:   1178       SH: 15    Dex: 13    Spells: 0 memorised, 10 levels left

rFire  . . .     SeeInvis .     a - +0 war axe
rCold  + + .     Gourm    .     E - +1 chain mail {rC+}
rNeg   . . .     Faith    .     c - +0 shield
rPois  .         Spirit   .     (helmet restricted)
rElec  .         Reflect  +     A - +1 cloak {+Inv}
rCorr  +         Harm     .     (no gloves)
MR     .....                    (no boots)
Stlth  ..........               u - +3 amulet of reflection
                                q - ring of protection from cold
                                h - ring of resist corrosion

@: no status effects
A: retaliatory headbutt, horns 2
a: Potion Petition, Call Merchant, Bribe Branch, Renounce Religion, Evoke
Invisibility


You were on level 10 of the Dungeon.
You worshipped Gozag.
Gozag was most pleased with you.
You were full.

You visited 2 branches of the dungeon, and saw 11 of its levels.

You collected 1268 gold pieces.
You paid 90 gold pieces to Gozag.

Inventory:

Hand Weapons
 a - a +0 war axe (weapon)
Armour
 b - a +0 scale mail
 c - a +0 shield (worn)
 A - a +1 cloak of invisibility (worn)
 E - a +1 chain mail of cold resistance (worn)
Jewellery
 d - a +3 ring of strength {unknown}
 h - a ring of resist corrosion (left hand)
 q - a ring of protection from cold (right hand)
 r - an uncursed ring of ice {unknown}
 u - a +3 amulet of reflection (around neck)
 C - an uncursed ring of fire
 J - a +5 amulet of reflection
Wands
 n - a wand of flame (20/48)
 w - a wand of enslavement (4/24)
 D - a wand of flame (33/48)
 H - a wand of flame (17/48)
 I - a wand of polymorph (9/24)
 O - a wand of paralysis (14/24)
Scrolls
 g - 2 scrolls of blinking
 j - a scroll of immolation
 k - 6 scrolls of teleportation
 m - 3 scrolls of amnesia
 o - 2 scrolls of noise
 p - 8 scrolls of remove curse
 s - a scroll of enchant weapon
 y - 2 scrolls of magic mapping
 G - a scroll of fear {unknown}
 L - a scroll of recharging {unknown}
Potions
 e - a potion of brilliance
 i - a potion of invisibility
 l - 3 potions of curing
 x - a potion of flight
 z - 2 potions of degeneration
 M - 2 potions of agility
Comestibles
 f - 10 bread rations
 v - 8 fruits
 B - a royal jelly
 N - 2 meat rations


   Skills:
 + Level 9.5 Fighting
 * Level 13.0 Axes
 + Level 9.8 Armour
 - Level 1.6 Dodging
 - Level 0.5 Stealth
 + Level 9.7 Shields


You had 10 spell levels left.
You didn't know any spells.

Dungeon Overview and Level Annotations

Branches:
Dungeon (10/15)            Temple (1/1) D:7            Lair (0/6) D:8
    Orc: D:9-12

Altars:
Ashenzari
Cheibriados
Dithmenos
Elyvilon
Fedhas
Gozag
Hepliaklqana
Kikubaaqudgha
Makhleb
Nemelex Xobeh
Okawaru
Qazlal
Ru
Sif Muna
Trog
Uskayaw
Vehumet
Xom
Yredelemnul
Zin
The Shining One

Shops:
D:7 %   D:8 %


Innate Abilities, Weirdness & Mutations

You reflexively headbutt those who attack you in melee.
You have a pair of horns on your head.


Message History

The electric eel is moderately wounded.
The electric eel shoots out a bolt of lightning at you!
The bolt of electricity misses you.
You slash the electric eel!
The electric eel is severely wounded.
Your chain mail prevents you from hitting the electric eel.
The electric eel is severely wounded.
The electric eel shoots out a bolt of lightning at you!
The bolt of electricity hits you!
* * * LOW HITPOINT WARNING * * *
You hit the electric eel but do no damage.
The electric eel is severely wounded.
You miss the electric eel.
The electric eel is severely wounded.
You hit the electric eel.
The electric eel is severely wounded.
The electric eel shoots out a bolt of lightning at you!
The bolt of electricity hits you!
You die...
Your body crumbles into a pile of gold.

#.#.....<....#.#......#..#
#.#..#.....).#.#......#..#
#.#..####.)..#.#......#..#
####.#..........#.#......#..#
#..#.##.........#.#.)....#..#
#..#.#######....#('))....#..#
#...............#.#))....#..#
###.##.#######....#.#......#..#
#......# #....@...#.#......#..'
#####≈≈≈≈≈≈≈≈≈;≈≈≈#.#......#..#
≈≈≈≈≈≈≈≈≈≈≈≈≈≈≈≈#......#..#
≈≈≈≈≈≈≈≈≈≈≈≈≈≈≈≈≈≈≈≈.####..#
#≈≈≈≈≈≈≈≈≈≈≈≈≈≈≈≈≈≈≈≈≈≈.....#
#≈≈≈≈≈≈≈≈≈≈≈≈≈≈≈≈≈≈≈≈≈≈≈≈≈≈.#
≈≈≈≈≈≈≈≈≈≈≈≈≈≈≈≈≈≈#≈≈≈≈≈##
≈≈≈≈≈≈≈≈≈≈≈≈≈≈≈≈≈≈≈≈≈≈≈≈≈.
≈≈≈≈≈≈≈≈≈≈≈


You could see an electric eel.

Vanquished Creatures
  The ghost of daryashkoh the Carver, a novice DsGl (D:8)
  An unseen horror (D:10)
  Pikel (D:6)
  An ugly thing (D:9)
  A wolf spider (D:10)
  Joseph (D:7)
  A hippogriff (D:10)
  A shadow (D:10)
  Sigmund (D:2)
  A hungry ghost (D:10)
  2 steam dragons (D:9)
  Menkaure (D:6)
  Edmund (D:6)
  2 hell hounds (D:8)
  A water moccasin (D:9)
  2 ice beasts
  2 black bears
  5 orc warriors
  A sky beast (D:8)
  5 ogres
  A phantom (D:8)
  A centaur (D:7)
  A big kobold (D:8)
  4 bullfrogs
  3 gnoll sergeants
  4 scorpions
  5 wights (D:7)
  4 killer bees (D:8)
  An electric eel (D:10)
  3 howler monkeys
  4 crimson imps
  A centaur zombie (D:7)
  A jelly (D:5)
  4 hounds
  Crazy Yiuf (D:4)
  4 orc priests
  The ghost of droogie the Ducker, a weakling FeTm (D:3)
  8 orc wizards
  6 worker ants
  A hound zombie (D:8)
  2 worker ant zombies
  10 gnolls
  11 adders
  A shadow imp (D:6)
  2 oozes
  An adder skeleton (D:4)
  A dart slug (D:1)
  5 leopard geckos
  22 orcs
  3 giant cockroaches
  4 goblins
  10 hobgoblins
  16 jackals
  A ball python (D:2)
  6 bats
  2 frilled lizards
  A jackal zombie (D:7)
  9 kobolds
  2 rats
  A fungus (D:9)
200 creatures vanquished.

Vanquished Creatures (others)
  A centaur (D:7)
1 creature vanquished.

Grand Total: 201 creatures vanquished

Notes
Turn   | Place    | Note
-------+----------+-------------------------------------------
     0 | D:1      | LORDOFBUTT the Minotaur Fighter began the quest for the Orb.
     0 | D:1      | Reached XP level 1. HP: 19/19 MP: 0/0
   187 | D:1      | Reached XP level 2. HP: 27/27 MP: 1/1
   662 | D:2      | Reached skill level 3 in Axes
   662 | D:2      | Reached XP level 3. HP: 32/33 MP: 2/2
   730 | D:2      | Noticed Sigmund
   737 | D:2      | Killed Sigmund
   737 | D:2      | Reached skill level 4 in Axes
   737 | D:2      | Reached XP level 4. HP: 23/41 MP: 3/3
   737 | D:2      | Reached XP level 5. HP: 27/47 MP: 4/4
  1438 | D:3      | Noticed droogie's ghost (weakling FeTm)
  1457 | D:3      | Killed droogie's ghost
  1457 | D:3      | Reached skill level 5 in Axes
  1720 | D:4      | Reached skill level 5 in Shields
  1720 | D:4      | Reached XP level 6. HP: 42/53 MP: 5/5
  1900 | D:4      | Found a runed door.
  1986 | D:4      | Noticed Crazy Yiuf
  1988 | D:4      | Killed Crazy Yiuf
  1988 | D:4      | Reached skill level 1 in Dodging
  2042 | D:5      | Entered Level 5 of the Dungeon
  2290 | D:5      | Found a sacrificial altar of Ru.
  2404 | D:5      | Reached skill level 6 in Axes
  2404 | D:5      | Reached skill level 5 in Armour
  2585 | D:5      | Reached skill level 5 in Fighting
  2708 | D:6      | Noticed a slave
  2708 | D:6      | Noticed a slave
  2709 | D:6      | Noticed Pikel
  2709 | D:6      | Noticed a slave
  2710 | D:6      | Noticed a slave
  2752 | D:6      | Killed Pikel
  2752 | D:6      | Reached skill level 7 in Axes
  2752 | D:6      | Reached XP level 7. HP: 33/62 MP: 6/6
  2914 | D:6      | Reached XP level 8. HP: 70/70 MP: 7/7
  2915 | D:6      | Noticed Edmund
  2953 | D:6      | Killed Edmund
  2953 | D:6      | Reached skill level 8 in Axes
  3442 | D:6      | Noticed Menkaure
  3445 | D:6      | Killed Menkaure
  3620 | D:7      | Reached skill level 9 in Axes
  3676 | D:7      | Found a snail-covered altar of Cheibriados.
  3772 | D:7      | Found a staircase to the Ecumenical Temple.
  3792 | Temple   | Entered the Ecumenical Temple
  3868 | Temple   | Became a worshipper of Gozag Ym Sagoz the Greedy
  3927 | D:7      | Reached XP level 9. HP: 23/79 MP: 8/8
  4062 | D:7      | Noticed Joseph
  4072 | D:7      | Killed Joseph
  4156 | D:7      | Found a flagged portal.
  4292 | D:7      | Reached skill level 10 in Axes
  4382 | D:7      | Found Xatong Xeant's Food Boutique.
  4920 | D:8      | Found Mobb's Food Emporium.
  4942 | D:8      | Noticed daryashkoh's ghost (novice DsGl)
  4973 | D:8      | Killed daryashkoh's ghost
  5034 | D:8      | Reached skill level 11 in Axes
  5472 | D:8      | Found a staircase to the Lair.
  5533 | D:8      | Reached XP level 10. HP: 53/88 MP: 9/9
  6749 | D:10     | Entered Level 10 of the Dungeon
  6750 | D:10     | Noticed a brown ugly thing
  6762 | D:9      | Killed a brown ugly thing
  6762 | D:9      | Reached skill level 12 in Axes
  7157 | D:10     | Noticed a wolf spider
  7185 | D:10     | Killed a wolf spider
  7392 | D:10     | Killed an unseen horror
  7995 | D:10     | Reached XP level 11. HP: 55/97 MP: 10/10
  8367 | D:10     | Reached skill level 13 in Axes
  8409 | D:10     | Killed from afar by an electric eel

Vault maps used:
D:1:      nagdon_arrival_zigzag_paths
D:2:      minmay_pentomino_q2, uniq_sigmund
D:3:      first_bread
D:4:      kennysheep_generic_room_14, uniq_crazy_yiuf_cottage
D:5:      hangedman_glass_teeth, hangedman_ru_absence
D:6:      uniq_edmund, uniq_menkaure, uniq_pikel
D:7:      serial_shops, nicolae_shop_behind_doors, basic_altar, enter_bailey_8,
          uniq_joseph
D:8:      minmay_lair_entry_lava, serial_glass, glass_columns_c,
          glass_columns_c, serial_shops, nicolae_shop_stone
D:9:      kennysheep_steamy, grunt_ogre_cave
Temple:   nicolae_temple_the_god_donut

Skill      XL: |  1  2  3  4  5  6  7  8  9 10 11 |
---------------+----------------------------------+-----
Shields        | 4 5 6 7 8 9 |  9.7
Armour         | 4 5 7 8 9 |  9.8
Axes           | 3 4 5 7 9 11 12 13 | 13.0
Fighting       | 4 5 7 8 9 |  9.5
Dodging        | 1 |  1.6
Stealth        | |  0.5

Action                   |  1- 3 |  4- 6 |  7- 9 | 10-12 || total
-------------------------+-------+-------+-------+-------++-------
Melee: War axe           |    50 |   141 |   259 |   284 ||   734
       Headbutt          |    11 |    18 |    53 |    50 ||   132
Invok: Potion Petition   |       |       |     1 |       ||     1
Evoke: Wand              |       |       |       |     2 ||     2
  Use: Potion            |     1 |     1 |     2 |     6 ||    10
       Scroll            |       |     8 |     6 |     4 ||    18
 Stab: Distracted        |       |       |       |     2 ||     2
  Eat: Fruit             |       |     5 |       |     4 ||     9
       Chunk             |       |     1 |       |       ||     1
       Pizza             |       |     1 |       |     1 ||     2
       Royal jelly       |       |     1 |       |       ||     1
       Beef jerky        |       |       |     1 |     6 ||     7
       Meat ration       |       |       |     1 |       ||     1
Armor: Scale mail        |    20 |    53 |    77 |    62 ||   212
Dodge: Dodged            |    13 |    53 |    66 |    65 ||   197
Block: Shield            |    33 |    73 |   158 |   206 ||   470
       Reflection        |       |       |    11 |     2 ||    13
